 Dungeon Crawl Stone Soup version 0.26.1-11-gd32895ea62 (webtiles) character file.

Game seed: 13286054743438627983

634 Almogavar the Firebug (level 7, -3/52 HPs)
             Began as a Hill Orc Fire Elementalist on May 16, 2021.
             Was an Initiate of Makhleb.
             Slain by Pikel
             ... wielding a +0 whip of freezing
              (8 damage)
             ... on level 3 of the Dungeon.
             The game lasted 00:21:46 (4530 turns).

Almogavar the Firebug (Hill Orc Fire Elementalist)  Turns: 4530, Time: 00:21:46

Health: -3/52      AC:  8    Str: 11    XL:     7   Next: 49%
Magic:  7/12       EV: 12    Int: 20    God:    Makhleb [......]
Gold:   186        SH:  0    Dex: 11    Spells: 12/13 levels left

rFire    . . .     SeeInvis .   k - +0 hand axe
rCold    . . .     Faith    .   (no shield)
rNeg     . . .     Spirit   .   a - +0 robe
rPois    .         Reflect  .   e - +2 helmet {Int+3}
rElec    .         Harm     .   n - +0 cloak
rCorr    .         Rampage  .   (no gloves)
Will     .....                  v - +1 pair of boots
Stlth    ++........             o - amulet of regeneration
HPRegen  0.57/turn              (no ring)
MPRegen  0.13/turn              (no ring)

@: berserk cooldown, slowed, very slow
A: no striking features
a: Renounce Religion


You were on level 3 of the Dungeon.
You worshipped Makhleb.
Makhleb was noncommittal.
You visited 2 branches of the dungeon, and saw 5 of its levels.

You collected 186 gold pieces.

Inventory:

Hand Weapons
 k - a +0 hand axe (weapon)
Armour
 a - a +0 robe (worn)
 e - a +2 helmet of intelligence (worn)
 n - a +0 cloak (worn)
 q - a cursed +0 ring mail
 v - a +1 pair of boots (worn)
Jewellery
 o - an amulet of regeneration (around neck)
Wands
 r - a wand of acid (4)
Scrolls
 d - a scroll of amnesia
 f - 2 scrolls of teleportation
 h - a scroll of enchant weapon
 i - a scroll of remove curse
 m - 2 scrolls of fog
 p - 2 scrolls of blinking
 s - a scroll of magic mapping {unknown}
 t - 4 scrolls of enchant armour {unknown}
 u - a scroll of fear {unknown}
 w - a scroll of noise {unknown}
Potions
 b - a potion of heal wounds {unknown}
 c - a potion of lignification
 j - a potion of curing {unknown}
 l - 2 potions of haste
 x - a potion of attraction {unknown}
 z - a potion of cancellation {unknown}


   Skills:
 + Level 1.0 Fighting
 + Level 2.1 Axes
 + Level 2.1 Dodging
 + Level 2.6 Stealth
 + Level 3.5 Spellcasting
 + Level 3.1 Conjurations
 + Level 6.0 Fire Magic


You had 12 spell levels left.
You knew the following spells:

 Your Spells              Type           Power        Failure   Level
a - Foxfire               Conj/Fire      84%          1%          1

Your spell library contained the following spells:

 Spells                   Type           Power        Failure   Level
 Conjure Flame            Conj/Fire      21%          6%          3
 Inner Flame              Hex/Fire       15%          12%         3
 Sticky Flame             Conj/Fire      21%          21%         4
 Fireball                 Conj/Fire      10%          50%         5


Dungeon Overview and Level Annotations

Branches:
Dungeon (4/15)             Temple (1/1) D:4

Altars:
Cheibriados
Dithmenos
Elyvilon
Hepliaklqana
Makhleb
Qazlal
Ru
Trog
Uskayaw
Vehumet
Yredelemnul

Annotations:
D:3 Pikel


Message History

Pikel is severely wounded.
Pikel says, "You'll feel the lick of my whip!"
Pikel completely misses you.
You barely miss Pikel.
Pikel is severely wounded.
You are no longer berserk.
You are exhausted.
You feel yourself slow down. Pikel hits you but does no damage.
You closely miss Pikel.
Pikel is severely wounded.
Pikel hits you with a +0 whip of freezing.
* * * LOW HITPOINT WARNING * * *
Pikel freezes you.
* * * LOW HITPOINT WARNING * * *
Pikel barely misses you.
Casting: Foxfire (safe; 1% risk of failure)
Confirm with . or Enter, or press ? or * to list all spells.
You conjure some foxfire!
Pikel hits you with a +0 whip of freezing!
You die...

........)......####
.....#######..(# .....# ##..#
.....########..##############
#######....###..............#
⌠###8#.....# #..###...#####.##
...........####.##8...8# #..#
...........#...v.##...## ##.##
...........#.##K@##...# #..#
⌠###8#####.#.###v##...## ##.##
######## #.#.# #.#8...8# #..#
.......# #)### ####...#### ##.#
..####.###.#8###8##...##8###8#.#
..####................(........#
.....#.###.....................#
.......#.......................#
..........##8###8##...##8###8###


You could see Pikel.

Vanquished Creatures
  Sigmund (D:4)
  2 ogres (D:4)
  A lemure (D:3)
  An orc wizard (D:4)
  A hound (D:4)
  A worker ant (D:4)
  Robin (D:2)
  3 gnolls (D:3)
  7 adders
  2 worms
  2 dart slugs
  3 leopard geckos
  2 orcs
  A ball python (D:3)
  4 giant cockroaches
  6 hobgoblins
  7 jackals
  5 kobolds
  2 quokkas (D:3)
  11 bats
  8 frilled lizards
  19 goblins
  A quokka skeleton (D:4)
  13 rats
104 creatures vanquished.

Vanquished Creatures (others)
  285 foxfires
285 creatures vanquished.

Grand Total: 389 creatures vanquished

Notes
Turn   | Place    | Note
-------+----------+-------------------------------------------
     0 | D:1      | Almogavar the Hill Orc Fire Elementalist began the quest
                  | for the Orb.
     0 | D:1      | Reached XP level 1. HP: 14/14 MP: 3/3
   262 | D:1      | Reached XP level 2. HP: 20/20 MP: 2/4
   999 | D:2      | Reached XP level 3. HP: 26/26 MP: 2/6
  1002 | D:2      | Reached skill level 4 in Fire Magic
  1272 | D:2      | Reached XP level 4. HP: 33/33 MP: 4/7
  1951 | D:2      | Noticed Robin
  1963 | D:2      | Killed Robin
  2241 | D:2      | Reached XP level 5. HP: 38/38 MP: 8/8
  2553 | D:3      | Reached skill level 5 in Fire Magic
  2995 | D:3      | Found a hazy altar of Hepliaklqana.
  3221 | D:3      | Found a shadowy altar of Dithmenos.
  3828 | D:4      | Noticed Sigmund
  3846 | D:4      | Killed Sigmund
  3847 | D:4      | Reached skill level 1 in Axes
  3847 | D:4      | Reached XP level 6. HP: 7/46 MP: 4/10
  3968 | D:4      | Found a sacrificial altar of Ru.
  3991 | D:4      | Reached XP level 7. HP: 22/51 MP: 1/11
  4248 | D:4      | Found a staircase to the Ecumenical Temple.
  4263 | Temple   | Entered the Ecumenical Temple
  4294 | Temple   | Became a worshipper of Makhleb the Destroyer
  4358 | D:4      | Reached skill level 1 in Fighting
  4358 | D:4      | Reached skill level 6 in Fire Magic
  4409 | D:4      | Noticed Pikel
  4530 | D:3      | Slain by Pikel

Illustrated notes

Levels and vault maps discovered:
D:1:      dpeg_arrival_round_c, layout_basic
D:2:      layout_loops_ring, uniq_robin
D:3:      layout_basic, overflow_temple_1_default,
          lemuel_coloured_pillars_altar, serial_corexii_hall,
          corexii_hall_statues_i, corexii_hall_statues_i,
          corexii_hall_statues_s, corexii_hall_statues_x,
          chequers_hall_statues_wall_a, corexii_hall_statues_x
D:4:      layout_loops_ring, minmay_temple_entry_overgrown,
          nicolae_ru_great_annihilating_truth, uniq_pikel, uniq_sigmund
Temple:   regret_index_temple_sphere_string

Skill      XL: |  1  2  3  4  5  6  7 |
---------------+----------------------+-----
Spellcasting   | 2 3 |  3.5
Fire Magic     | 4 5 6 |  6.0
Stealth        | 2 |  2.6
Axes           | 1 2 |  2.1
Conjurations   | 2 3 |  3.1
Dodging        | 2 |  2.1
Fighting       | 1 |  1.0

Action                   |  1- 3 |  4- 6 |  7- 9 || total
-------------------------+-------+-------+-------++-------
Melee: Club              |     3 |       |       ||     3
       Hand axe          |       |    18 |    21 ||    39
 Cast: Foxfire           |    41 |    93 |    35 ||   169
  Use: Scroll            |     5 |     6 |       ||    11
       Potion            |       |       |     1 ||     1
 Stab: Paralysed         |       |       |     3 ||     3
Armor: Robe              |     3 |    20 |    18 ||    41
Dodge: Dodged            |     9 |    44 |    24 ||    77
